Map: New Gettysburg LE

Players

Gracz - Winner!

  • Race: Protoss Protoss
  • League: Bronze

kolbaska

  • Race: Terran Terran

VOD

Have the link to the VOD?

Description

Time

  • Played on: Sept. 18, 2016, 10:45 a.m.
  • Length: 3:13
Show
View Real Time Build Order
Export as new Build Order

Gracz Protoss - Winner!

Build Orders:  

Get SALT Encoding   

  12  0:04  Probe (Chrono Boost)  
  14  0:14  Probe (Chrono Boost)  
  14  0:25  Probe (Chrono Boost)  
  15  0:30  Pylon  
  15  0:48  Pylon  
  15  0:51  Probe (Chrono Boost)  
  16  1:02  Probe (Chrono Boost)  
  17  1:09  Gateway  
  17  1:10  Gateway  
  17  1:12  Probe (Chrono Boost)  
  18  1:20  Gateway  
  18  1:36  Assimilator  
  18  1:57  Zealot x2  
  22  2:04  Cybernetics Core  
  22  2:07  Probe (Chrono Boost)  
  23  2:11  Zealot  
  25  2:17  Probe (Chrono Boost)  
  26  2:24  Zealot  
  26  2:25  Zealot  
Show
View Real Time Build Order
Export as new Build Order

kolbaska Terran 

Build Orders:  

Get SALT Encoding   

  12  0:21  Supply Depot  
  12  0:24  SCV  
  13  0:36  SCV  
  14  0:48  SCV  
  14  0:49  Refinery  
  15  1:11  Barracks  
  15  1:26  Supply Depot  
  15  2:24  Bunker  
  15  2:27  Marine  
  16  2:44  Marine  
  17  2:55  Bunker  
Tags
 
Add a new tag
Caveats
  • Supply blocks, unpowered buildings, or Contaminate may cause inaccurate times.
  • Supply counts are checked every 10 seconds.